 Dungeon Crawl Stone Soup version 0.29.1-12-g30fa7ad0bf (webtiles) character file.

Game seed: 12708152586112804221

258 wormed the Cudgeller (level 5, -2/53 HPs)
             Began as a Troll Berserker on Dec 27, 2022.
             Was a Believer of Trog.
             Slain by a black bear (8 damage)
             ... on level 4 of the Dungeon.
             The game lasted 00:03:34 (2930 turns).

wormed the Cudgeller (Troll Berserker)              Turns: 2930, Time: 00:03:35

Health: -2/53      AC:  4    Str: 27    XL:     5   Next: 94%
Magic:  4/4        EV: 10    Int:  3    God:    Trog [**....]
Gold:   110        SH:  0    Dex:  9    Spells: 4/4 levels left

rFire   . . .      SeeInvis .   a - +0 mace
rCold   . . .      Faith    .   (no shield)
rNeg    . . .      Spirit   .   b - +0 animal skin
rPois   .          Reflect  .   (helmet restricted)
rElec   .          Harm     .   (no cloak)
rCorr   +          Rampage  .   (gloves unavailable)
Will    .....                   (boots unavailable)
Stlth   +.........              (no amulet)
HPRegen 0.97/turn               k - ring of resist corrosion
MPRegen 0.09/turn               (no ring)

@: no status effects
A: large, unfitting armour, claws 3, regeneration 1, shaggy fur 1, tough skin 1
a: Renounce Religion, Berserk, Trog's Hand


You were on level 4 of the Dungeon.
You worshipped Trog.
Trog was pleased with you.
You visited 1 branch of the dungeon, and saw 4 of its levels.

You collected 110 gold pieces.

Inventory:

Hand Weapons
 a - a +0 mace (weapon)
Armour
 b - a +0 animal skin (worn)
Jewellery
 k - a ring of resist corrosion (left claw)
Wands
 p - a wand of polymorph (27)
Scrolls
 d - 5 scrolls of identify {unknown}
 g - 3 scrolls of enchant weapon {unknown}
 h - a scroll of amnesia {unknown}
 m - 2 scrolls of fear {unknown}
 o - 2 scrolls of fog {unknown}
 r - a scroll of torment {unknown}
 s - a scroll of enchant armour {unknown}
Potions
 c - 2 potions of curing {unknown}
 e - 2 potions of might {unknown}
 f - 2 potions of heal wounds {unknown}
 i - a potion of haste {unknown}
 j - 2 potions of attraction {unknown}
 l - 2 potions of brilliance {unknown}
 n - a potion of berserk rage {unknown}
 q - a potion of cancellation {unknown}
 t - a potion of degeneration {unknown}


   Skills:
 + Level 3.3 Fighting
 * Level 4.3 Maces & Flails
 + Level 1.7 Armour
 + Level 3.3 Dodging


You had 4 spell levels left.
You didn't know any spells.
Your spell library was empty.

Dungeon Overview and Level Annotations

Branches:
Dungeon (4/15)
 Temple: D:4-7

Altars:

Annotations:
D:4 Eustachio


Innate Abilities, Weirdness & Mutations

You are too large for most types of armour.
You have claws for hands.
Your natural rate of healing is unusually fast.
You are covered in fur. (AC +1)
You have tough skin. (AC +1)


Message History

You now have 110 gold pieces (gained 15).
A black bear comes into view.
The black bear growls angrily.
A black bear is nearby!
You thump the black bear!
The black bear is heavily wounded.
The black bear bites you. The black bear claws you.
The black bear claws you but does no damage.
You thump the black bear!
The black bear is severely wounded.
The black bear bites you! The black bear barely misses you.
The black bear closely misses you.
You hit the black bear.
The black bear is almost dead.
The black bear goes berserk!
The black bear closely misses you. The black bear misses you.
The black bear completely misses you.
You hit the black bear but do no damage.
The black bear is almost dead.
The black bear barely misses you. The black bear claws you. x2
You hit the black bear.
The black bear is almost dead.
The black bear bites you. The black bear closely misses you.
The black bear claws you but does no damage.
The black bear bites you but does no damage.
The black bear claws you. The black bear barely misses you.
You barely miss the black bear.
The black bear is almost dead.
The black bear bites you.
The black bear claws you but does no damage.
The black bear claws you. The black bear bites you! The black bear claws you.
* * * LOW HITPOINT WARNING * * *
The black bear claws you.
* * * LOW HITPOINT WARNING * * *
You hit the black bear.
The black bear is almost dead.
The black bear bites you.
* * * LOW HITPOINT WARNING * * *
The black bear claws you but does no damage. x2
The black bear bites you!
You die...

#.# #.# #.#
#.# # #)#
#.###.#
#....h##
##.@.##
##.....##
###.......#
#.........#
#.#.......#
# ##.....##
##...##
#.### #.#
#.#


You could see a black bear (berserk).

Vanquished Creatures
  A centaur (D:3)
  A necrophage (D:4)
  A hound (D:3)
  3 adders
  4 dart slugs
  9 endoplasms
  A giant cockroach (D:2)
  A goblin (D:2)
  3 hobgoblins
  4 jackals
  6 ball pythons
  8 bats
  2 frilled lizards (D:1)
  5 kobolds
  11 rats
60 creatures vanquished.

Notes
Turn   | Place    | Note
-------+----------+-------------------------------------------
     0 | D:1      | wormed the Troll Berserker began the quest for the Orb.
     0 | D:1      | Reached XP level 1. HP: 22/22 MP: 0/0
   186 | D:1      | Reached XP level 2. HP: 29/29 MP: 1/1
   388 | D:1      | Reached skill level 3 in Maces & Flails
   417 | D:1      | Reached ** piety under Trog
   836 | D:2      | Reached XP level 3. HP: 34/36 MP: 2/2
  1928 | D:3      | Identified the +9 falchion of the Beginning {speed, rF-
                  | Int+6}
  2006 | D:3      | Reached skill level 1 in Armour
  2006 | D:3      | Reached XP level 4. HP: 28/45 MP: 3/3
  2243 | D:3      | Noticed a centaur
  2251 | D:3      | Killed a centaur
  2252 | D:3      | Reached skill level 4 in Maces & Flails
  2252 | D:3      | Reached XP level 5. HP: 40/53 MP: 4/4
  2756 | D:4      | Noticed Eustachio
  2920 | D:4      | Noticed a black bear
  2930 | D:4      | Slain by a black bear

Illustrated notes

Levels and vault maps discovered:
D:1:      giann_wishing_wells, layout_loops_cross, solitary_fountain,
          hangedman_decor_riveting, minmay_rat_gold_closets
D:2:      layout_basic
D:3:      layout_basic
D:4:      layout_loops_ring, uniq_natasha, uniq_eustachio, uniq_grinder

Skill      XL: |  1  2  3  4 |
---------------+-------------+-----
Maces & Flails | 3 4 |  4.3
Fighting       | 3 |  3.3
Armour         | 1 |  1.7
Dodging        | 3 |  3.3

Action                   |  1- 3 |  4- 6 || total
-------------------------+-------+-------++-------
Melee: Mace              |   153 |    40 ||   193
       Punch             |     1 |       ||     1
Evoke: Wand              |       |     1 ||     1
 Stab: Sleeping          |     1 |     1 ||     2
Armor: Animal skin       |    69 |    19 ||    88
Dodge: Dodged            |    90 |    31 ||   121
